 Dungeon Crawl Stone Soup version 0.25.1-2-g60ff931df9 (webtiles) character file.

Game seed: 7563941671595485767

128 lepoulpe303 the Ducker (level 4, 0/24 HPs)
             Began as a Spriggan Abyssal Knight on July 30, 2020.
             Was a Believer of Lugonu.
             Slain by a river rat (8 damage)
             ... on level 3 of the Dungeon.
             The game lasted 00:10:26 (2447 turns).

lepoulpe303 the Ducker (Spriggan Abyssal Knight)    Turns: 2447, Time: 00:10:28

Health: 0/24       AC:  7    Str:  9    XL:     4   Next: 86%
Magic:  7/7        EV: 18    Int: 13    God:    Lugonu [**....]
Gold:   72         SH:  5    Dex: 15    Spells: 3/3 levels left

rFire    . . .     SeeInvis +   a - +1 short sword
rCold    + . .     Gourm    .   c - +0 buckler
rNeg     . . .     Faith    +   b - +0 robe
rPois    .         Spirit   .   (helmet restricted)
rElec    .         Reflect  .   d - +0 cloak
rCorr    .         Harm     .   (gloves unavailable)
MR       .....                  (boots unavailable)
Stlth    +.........             o - amulet of faith {Faith, !P}
HPRegen  0.08/turn              I - ring of protection from cold
MPRegen  0.10/turn              l - +4 ring of protection

@: slow
A: very small, unfitting armour, see invisible, herbivore, speed 3, slow
metabolism 2
a: Depart the Abyss, Bend Space, Renounce Religion


You were on level 3 of the Dungeon.
You worshipped Lugonu.
Lugonu was pleased with you.
You were not hungry.

You visited 1 branch of the dungeon, and saw 3 of its levels.
You visited the Abyss 1 time.

You collected 72 gold pieces.

Inventory:

Hand Weapons
 a - a +1 short sword (weapon)
Missiles
 f - 25 poisoned darts (quivered)
 g - 43 sling bullets
Armour
 b - a +0 robe (worn)
 c - a +0 buckler (worn)
 d - a +0 cloak (worn)
Jewellery
 l - a +4 ring of protection (right hand)
 n - an uncursed ring of protection from cold
 o - an amulet of faith (around neck) {Faith, !P}
 G - an uncursed amulet of guardian spirit {Spirit}
 I - a ring of protection from cold (left hand)
Wands
 D - a wand of digging (7)
Scrolls
 i - a scroll of identify
 m - a scroll of amnesia {unknown}
 p - a scroll of magic mapping {unknown}
 q - a scroll of immolation {unknown}
 r - a scroll of blinking {unknown}
 w - 3 scrolls of remove curse
Potions
 h - a potion of mutation {unknown}
 j - 2 potions of berserk rage {!q}
 k - a potion of haste {unknown}
Comestibles
 e - 7 rations


   Skills:
 * Level 3.0 Fighting
 * Level 3.5 Short Blades
 * Level 4.3 Dodging
 + Level 1.4 Stealth
 + Level 0.7 Shields
 * Level 2.8 Invocations


You had 3 spell levels left.
You didn't know any spells.
Your spell library was empty.

Dungeon Overview and Level Annotations

Branches:
Dungeon (3/15)

Altars:
Elyvilon
Gozag
Nemelex Xobeh

Portals:
Sewer: D:3

Annotations:
D:2 Sigmund


Innate Abilities, Weirdness & Mutations

You are very small and have problems with some larger weapons.
You are too small for most types of armour.
You have supernaturally acute eyesight. (SInv)
You are a herbivore.
You cover ground extremely quickly.
You need to consume almost no food.


Message History

* * * LOW HITPOINT WARNING * * *
You take 5 damage, and have 10/24 hp.
MASSIVE DAMAGE!!
Your unstable footing causes you to fumble your attack.
The river rat closely misses you.
You hit the river rat but do no damage. The river rat barely misses you.
You hit the river rat. The river rat bites you.
* * * LOW HITPOINT WARNING * * *
You take 4 damage, and have 6/24 hp.
You barely miss the river rat.
The river rat bites you but does no damage.
The river rat barely misses you. The river rat closely misses you.
You see here a rat corpse.
The river rat misses you.
You hear the rusting of a drain.
The river rat barely misses you.
You see here a giant cockroach corpse.
The river rat bites you!
You die...

.##.....### ###
.#.....##≈######≈##
.'.....#≈≈≈≈≈≈≈≈≈≈#
.#....>#≈≈≈####≈≈≈#
.##....##≈##s≈##≈##
.###....#≈# ∩≈≈#≈#
## ##...#†# ≈≈≈#†#
##'##w##≈≈##r##
#.#≈≈≈#≈≈#≈@≈#
#.#≈≈≈≈≈≈#≈≈≈#
##.##≈######≈##
##...###.# #.#
##.....#.# #.## #
#.........######.#.#
#.###.##..†........#
...
...##.......#.### ##
###...........##


You could see a river rat.

Levels and vault maps discovered:
D:1:      minmay_arrival_four_houses, layout_basic
D:2:      layout_loops_ring, nemelex_xobeh_ov_fountains_minmay,
          elyvilon_altar_5, first_ration, uniq_sigmund
D:3:      layout_loops_corners, lemuel_crystal_altar,
          nicolae_ashenzari_panopticon, gup_sewer_entry_bubbles,
          minmay_misc_feat_five

Notes
Turn   | Place    | Note
-------+----------+-------------------------------------------
     0 | Abyss:1  | lepoulpe303 the Spriggan Abyssal Knight began the quest for
                  | the Orb.
     0 | Abyss:1  | Reached XP level 1. HP: 11/11 MP: 3/3
     0 | Abyss:1  | Found a corrupted altar of Lugonu.
    20 | Abyss:1  | Identified a +0 buckler (You found it on level 1 of the
                  | Abyss)
    46 | Abyss:1  | Found a corrupted altar of Lugonu.
    83 | Abyss:1  | Noticed a small abomination
    92 | Abyss:1  | Noticed a small abomination
   193 | Abyss:1  | Noticed an ancient zyme
   193 | Abyss:1  | Noticed a flying skull
   194 | Abyss:1  | Noticed a small abomination
   195 | Abyss:1  | Noticed an insubstantial wisp
   197 | D:1      | Escaped the Abyss
   198 | D:1      | Identified a ring of protection from cold (You found it on
                  | level 1 of the Abyss)
   242 | D:1      | Identified a +0 club
   254 | D:1      | Reached skill level 2 in Invocations
   257 | D:1      | Identified a +0 short sword
   268 | D:1      | Reached XP level 2. HP: 10/16 MP: 4/4
   279 | D:1      | HP: 4/16 [hobgoblin (4)]
   280 | D:1      | Reached * piety under Lugonu
   620 | D:1      | Identified a +0 club
   708 | D:1      | Identified a +0 short sword
   986 | D:1      | Identified a +0 dagger
   994 | D:1      | Reached XP level 3. HP: 14/19 MP: 5/5
  1151 | D:2      | Identified a +0 club
  1286 | D:2      | Reached skill level 3 in Short Blades
  1403 | D:2      | Reached skill level 4 in Dodging
  1403 | D:2      | Reached skill level 1 in Stealth
  1403 | D:2      | Reached XP level 4. HP: 23/23 MP: 6/6
  1426 | D:2      | Found a white marble altar of Elyvilon.
  1449 | D:2      | Identified a +0 club
  1450 | D:2      | Identified a +0 dagger
  1512 | D:2      | Identified a +0 scythe
  1512 | D:2      | Identified a +0 robe
  1512 | D:2      | Noticed Sigmund
  1541 | D:2      | Identified a +0 whip
  1612 | D:2      | Identified 4 scrolls of identify
  1612 | D:2      | Identified an amulet of guardian spirit (You found it on
                  | level 2 of the Dungeon)
  1613 | D:2      | Identified 2 potions of berserk rage
  1614 | D:2      | Identified 3 scrolls of remove curse
  1615 | D:2      | Identified a ring of protection (You found it on level 1 of
                  | the Dungeon)
  1616 | D:2      | Identified an amulet of faith (You found it on level 1 of
                  | the Dungeon)
  1651 | D:2      | Found a sparkling altar of Nemelex Xobeh.
  1714 | D:2      | Reached ** piety under Lugonu
  2009 | D:2      | Reached skill level 3 in Fighting
  2145 | D:2      | Identified a +0 cloak (You found it on level 2 of the
                  | Dungeon)
  2204 | D:3      | Found an opulent altar of Gozag.
  2226 | D:3      | Identified a +0 club
  2416 | D:3      | Found a glowing drain.
  2430 | D:3      | HP: 6/24 [river rat (4)]
  2447 | D:3      | Slain by a river rat

Table legend:
 A = Turns spent in this place as a percentage of turns spent in the entire game.
 B = Non-inter-level travel turns spent in this place as a percentage of non-inter-level travel turns spent in the entire game.
 C = Inter-level travel turns spent in this place as a percentage of turns spent in this place.
 D = Turns resting spent in this place as a percentage of non-inter-level travel turns spent in this place.
 E = Turns spent auto-exploring this place as a percentage of non-inter-level travel turns spent in this place.
 F = Non-inter-level travel turns spent in this place divided by the number of levels of this place that you've seen.
                   A       B       C       D       E      F
               +-------+-------+-------+-------+-------+----------------------
         Total | 100.0 | 100.0 |   3.0 |  18.8 |  36.9 | 593.5
       Dungeon |  91.9 |  91.7 |   3.2 |  20.5 |  40.2 | 725.7
         Abyss |   8.1 |   8.3 |   0.0 |   0.0 |   0.0 | 197.0
               +-------+-------+-------+-------+-------+----------------------

Table legend:
 A = Kills in this place as a percentage of kills in entire the game.
 B = Kills by you in this place as a percentage of kills by you in the entire game.
 C = Kills by friends in this place as a percentage of kills by friends in the entire game.
 D = Other kills in this place as a percentage of other kills in the entire game.
 E = Experience gained in this place as a percentage of experience gained in the entire game.
 F = Experience gained in this place divided by the number of levels of this place that you have seen.
                   A       B       C       D       E      F
               +-------+-------+-------+-------+-------+----------------------
         Total | 100.0 | 100.0 |   N/A |   N/A | 100.0 |  45.8
       Dungeon | 100.0 | 100.0 |   N/A |   N/A | 100.0 |  61.0
               +-------+-------+-------+-------+-------+----------------------

Skill      XL: |  1  2  3  4 |
---------------+-------------+-----
Invocations    | 2 |  2.8
Short Blades   | 3 |  3.5
Dodging        | 4 |  4.3
Stealth        | 1 |  1.4
Fighting       | 3 |  3.0
Shields        | |  0.7

Action                   |  1- 3 |  4- 6 || total
-------------------------+-------+-------++-------
Melee: Short sword       |   134 |   170 ||   304
Throw: Dart              |    13 |    14 ||    27
Invok: Depart the Abyss  |     1 |       ||     1
  Use: Scroll            |       |     4 ||     4
 Stab: Sleeping          |     3 |     1 ||     4
Armor: Robe              |     8 |    23 ||    31
Dodge: Dodged            |    93 |   106 ||   199
Block: Buckler           |    29 |    35 ||    64

Vanquished Creatures
  A worker ant (D:2)
  3 adders
  An ooze (D:1)
  2 worms
  2 dart slugs (D:2)
  6 giant cockroaches
  9 goblins
  4 hobgoblins
  5 jackals (D:1)
  7 kobolds
  2 quokkas
  A ball python (D:2)
  4 bats
  4 frilled lizards
  11 rats
62 creatures vanquished.
